[Event "44th Chess Olympiad Women 2022"]
[Site "Chennai"]
[Date "2022.08.03"]
[Round "6.12"]
[White "Chirivi C, Jenny Astrid"]
[Black "Miranda Llanes, Yerisbel"]
[Result "0-1"]
[WhiteElo "2157"]
[BlackElo "2347"]
[Annotator "TA"]
[PlyCount "130"]
[EventDate "2022.??.??"]
[TimeControl "60"]

1. d4 Nf6 2. c4 e6 3. Nf3 d5 4. Nc3 Bb4 5. Qa4+ Nc6 6. e3 O-O 7. a3 {[%emt 0:00:46] D38: Queen's Gambit
Declined: Ragozin Defence (4 Nf3 Bb4).} Bxc3+ 8. bxc3 Ne4 9. Bd3 {[%emt 0:00:48] White has an edge.}
Nd6 10. cxd5 exd5 11. Qc2 {
[%emt 0:00:59] [#]} h6 $146 ({Predecessor:} 11... f5 12. O-O
Be6 13. a4 Ne4 14. Ba3 Rf6 15. c4 h6 16. Rab1 Rb8 17. Rb5 a6 {1-0 (33) Okamura,
M (2036)-Tejo,J (1941) Joao Pessoa 2018}) 12. O-O Re8 13. a4 b6 14. Ba3 Bb7 15. Nd2 Na5 16.
Rfe1 Qg5 17. Nf3 Qf6 18. Ne5 Rad8 19.
Rab1 Nc6 20. Nf3 Na5 21. Nd2 Qg5 22. Nf3 Qf6 23. Nd2 Bc8 24. Bxd6 Qxd6 25. e4 dxe4 26. Nxe4 Qd5 27. Ng3 Rxe1+ 28. Rxe1 Be6 29. h3 c5 30. Re5 (30. Bh7+ $11 Kh8 31. dxc5) 30... Qd6 $1 $15 31. Nf5 $1 Bxf5 32. Bxf5 (
32. Rxf5 $15 cxd4 33. cxd4) 32... cxd4 $17 33. cxd4 Nc6 ({Stronger than} 33... Qxd4 34. Re7 $15) 34. Re1 ({Avoid the trap} 34. Bh7+ $2 Kh8 35. Re1 g6 36. Bxg6 Nxd4 $19)
34... Nxd4 35. Qb1 Qf4 36.
Bh7+ Kh8 37. Bd3 Ne6 {
[%emt 0:00:38] Black is more active.} 38. Qb5 Qd2 39. Re3 Qc1+ 40. Kh2 $1 Qc7+ 41. g3 Qc5 42. Qb3 (42. Bc4 $15) 42... Qd4 (42... Kg8 $17 43. Qb5
Kf8) 43. Qb5 Qf6 $36 {[%emt 0:00:00] Black is on the roll.}
44. Kg1 g6 45. Qc6 Kg7 46. Rf3 (46. h4 $17) 46... Qe5 ({Better is} 46... Qa1+ $19 47. Kg2 Ng5) 47. Re3 Qd4 48. Be2 Rd6 49. Qe8 Ng5 50. h4 Nh7 (
50... Re6 $142 51. Rxe6 Nxe6) 51. Qb5 Nf6 52.
Bf3 h5 53. Kg2 Ng4 54. Re2 Rf6 55. Qb3 Ne5 56. Re3 {[%emt 0:00:00] This costs White the game.} (56.
Be4 $17) 56... Nxf3 $19 57. Rxf3 {[%emt 0:00:06] Endgame [#]
KQR-KQR} Qe4 $1 {[%emt 0:00:25] ( -> ...Rxf3)} 58. Qa3 a6 {
[%emt 0:01:17] Black mates.} 59. Qc3 {[%emt 0:00:23] [#]} Qxf3+ $1 60. Qxf3 Rxf3 61. Kxf3 {[%emt 0:00:18]
KP-KP} Kf6 62. Ke4 Ke6 63.
f3 f5+ 64. Kd4 Kd6 65. f4 b5 {[%emt 0:01:01] Weighted Error Value:
White=0.45/ Black=0.09 (flawless)} 0-1

[Event "44th Chess Olympiad Women 2022"]
[Site "Chennai"]
[Date "2022.08.03"]
[Round "6.12"]
[White "Forgas Moreno, Yaniela"]
[Black "Argote Heredia, Valentina"]
[Result "1-0"]
[WhiteElo "2343"]
[BlackElo "2205"]
[Annotator "TA"]
[PlyCount "152"]
[EventDate "2022.??.??"]
[TimeControl "60"]

1. e4 c5 2. Nc3 Nc6 3. Bb5 Nd4 4. Nf3 a6 5. Bd3 g6 6. Nxd4 cxd4 7. Ne2 Bg7 8. f4 d6 9. O-O Nf6 10.
Kh1 O-O {[%emt 0:05:25] B23: Closed Sicilian: Lines without
g3.} 11. Qe1 (11. Nxd4 $11 Nxe4 12. Bxe4 Bxd4 13. Qf3) 11...
e5 $17 12. fxe5 dxe5 {[%emt 0:00:08] Black
is better.} 13. b3 b5 14. a4 Bb7 {[%emt 0:00:57] [#]} 15. Ng3 $146 (15. axb5 $15 axb5 16.
Ba3) ({Predecessor:} 15. Ba3 Re8 16. Ng1 bxa4 17. bxa4 Bc6 18. a5 Qd7 19. Qh4
Qg4 20. Qxg4 Nxg4 21. Bc4 {1-0 (56) Champetier,S (1983)-Zhong,K (1576) Laval
2017}) 15... Bc6 16. axb5 axb5 17. Ba3 Re8 18. Qe2 Qd7 19. Bb4 h5 20. Rxa8 Rxa8 21. Kg1 h4 22. Nh1 Nh5 23.
Qe1 Qd8 $1 24. Be2 Nf4 25. Bf3 Ra2 26. Qb1 Ra6 27. Nf2 {[%emt 0:01:37] Prevents d3.} Ra7 28. Kh1 Rd7 (28... Bf8 $17
29. Bxf8 Kxf8) 29. Qa2 d3 30. c3 Qb6 {[%emt 0:00:24] Against Qa6} 31. Qa5 $1 Qb7 32. Ra1 h3 33. g3 (
33. gxh3 $15 f5 34. Qa6) 33... Ne6 $1 34. Nxh3 Bxe4 35. Bxe4 Qxe4+ 36.
Kg1 Rd8 (36... Bh6 $1 $17 37.
Nf2 (37. Qxb5 Rd8 $11) 37... Qc6) 37. Ng5 $11 Qd5 38. Nxe6 fxe6 39. Qb6 Bh6 {[%emt 0:02:36] Prevents Qe3.} (39... Rd7 $11) 40. Qf2 $14 Rd7 41. Rf1 $1 (41. Qf6 Bxd2 42. Qxg6+ Kh8
43. Qh5+ Kg8 44. Qg6+ Kh8 45. Qh5+ Kg8 46. Qg6+ $11) 41... e4 42. Qf6 (42. Bc5 $1 $14 {deserves consideration.}) 42... Kh7
$11 43. Be7 (43. Qh4 e3 44. c4 bxc4 45. bxc4
Qe5 $17) 43... Bg7 (43... Bxd2 {leads to mate.} 44. Qf7+ Kh6
45. Qf8+ Kh5 46. Qh8+ Bh6 47. Rf4 $1) 44. Qh4+ Kg8 {[%emt 0:
00:19] ...e3 is the strong threat.} 45. Bg5 Rf7 (45... b4 $5 46. c4 Bd4+ 47. Be3 Bxe3+ 48. dxe3 Qe5 $11) 46. Rxf7 Kxf7 {[%emt 0:00:05] Endgame KQB-KQB} 47. Qf4+ Kg8 48. b4 Be5 49. Qe3 Bd6 50. Bf6 Qf5 51. Bd4 Be7 {[%emt 0:02:13] And now ...e5 would win.} 52.
Qf4 {[%emt 0:00:46] Inhibits e5.} (52. Qh6 $11 {and White stays safe.} e5 53.
Be3) 52... g5 $2 ({Black should try} 52... Qxf4 $19 53. gxf4
Bd6) 53. Qe5 $2 (53. Qf2 $11) 53... Kf7 $2 ({
Better is} 53... Qxe5 $19 54. Bxe5 e3 55. dxe3 d2) 54. Qg7+ Ke8 55. Qh8+ (55. Be3 $5 )
55... Kd7 56. Qb8 Qd5 57.
Qe5 $2 (57. Qa7+ $11 Ke8 58. Be3) 57... Qxe5 58. Bxe5 {[%emt 0:00:05] KB-KB} Kc6 $2 (58... e3 $1 $19 59. dxe3 d2) 59. Kf2 Kd5 60.
Bc7 (60. Bg7 $15) 60... g4 $2 ({Black should
play} 60... Kc4 $1 $19 {aiming for ...Bf6.} 61. Be5 Kd5) 61. Bf4 $1 $15 Bd8 62. Be3 {[%emt 0:00:48] [#] Prevents Bb6.}
Kc4 $1 63. h3 $2 (63. Ke1 $15) 63... gxh3 $19 64. g4 Bh4+ $2 (64... Bf6
65. g5 {[#]} Bxc3 $1 66. dxc3 Kxc3) 65. Kg1 Bg3 {[%emt 0:00:
52] Hoping for ...Kd5.} 66. g5 Be5 67. g6 Bg7 $2 (67... Kd5 $19 {Strongly
threatening ...Bf6.} 68. Bf4 Bf6) 68. Kh2 $14 Kd5 69. Kxh3 e5 70. Kg4 {[%emt 0:01:23]
Threatens to win with Kf5.} Ke6 71. Kg5 {[%emt 0:00:27] Black
must now prevent Bc5.} Bf8 72. Bf2 Bg7 73. Bc5 Kd5 $2 (73... Bf8)
74. Kf5 $18 {[%emt 0:00:52] White is clearly winning.} Bh8 75.
Be3 ({Don't go for} 75. Bf8 $2 e3 76. dxe3 d2 $19) (75. Bb6
$142 Bg7 76. Bc5) 75... Bg7 76. Bg5 Bf8 {
[%emt 0:00:49] Weighted Error Value: White=0.58/Black=0.52} (76... Kd6 $142 77.
Be3 Kd5) 1-0

[Event "44th Chess Olympiad Women 2022"]
[Site "Chennai"]
[Date "2022.08.03"]
[Round "6.12"]
[White "Rodriguez Rueda, Paula Andrea"]
[Black "Hernandez Gil, Ineymig"]
[Result "1-0"]
[WhiteElo "2237"]
[BlackElo "2234"]
[Annotator "NA RC"]
[PlyCount "83"]
[EventDate "2022.??.??"]
[TimeControl "60"]

1. d4 d5 2. c4 c6 3. Nc3 Nf6 4. cxd5 cxd5 5. Bf4 Nc6 6. e3 a6 7. Bd3 e6 8. Rc1 Bd6 9. Nge2 O-O 10. O-O Re8 11. Bb1 Bxf4 12. Nxf4 Bd7 13. a3 Na5 14. e4 dxe4 15. Nxe4 Nxe4 16. Bxe4 Nc6 17. Rc3 e5 18. dxe5 Rxe5 19. Qd3 h6 20. Rd1 Qe8 21. f3 f5 22. Qxd7 fxe4 23. Qxb7 exf3 24. Rxf3 Re1+ 25. Rxe1 Qxe1+ 26. Rf1 Qe3+ 27. Kh1 Rf8 28. Qxc6 Rxf4 29. Qxa6 Rd4 30. Qc8+ Kh7 31. h3 Rd2 32. Qf5+ Kg8 33. Rc1 Rd8 34. Qf1 Qd2 35. b4 Rf8 36. Qc4+ Kh8 37. Rf1 Re8 38. b5 Re2 39. Rf8+ Kh7 40. Qg8+ Kg6 41. Qf7+ Kh7 42. Qf5+ 1-0

[Event "44th Chess Olympiad Women 2022"]
[Site "Chennai"]
[Date "2022.08.03"]
[Round "6.13"]
[White "Nandhidhaa, P V.."]
[Black "Richards, Heather S"]
[Result "1/2-1/2"]
[WhiteElo "2312"]
[BlackElo "2146"]
[Annotator "TA"]
[PlyCount "166"]
[EventDate "2022.??.??"]
[TimeControl "60"]

1. e4 e6 2. d4 d5 3. Bd3 dxe4 4. Bxe4 Nf6 5.
Bf3 c5 6. Ne2 Nc6 {[%emt 0:
00:09][%cal Rc5d4] C01: French: Exchange Variation.} 7. Be3 cxd4 8. Nxd4 Ne5 9. O-O Be7 10. Nc3 O-O 11. Qe2 a6 12. Rad1 Qc7 13. Bg5 {[%emt 0:05:40] [#]} Nc4 $146 {
[%emt 0:19:27] [#]} (13... Ng6 $11) ({Predecessor:} 13... Nxf3+ 14. Qxf3 Re8
15. Rfe1 Bd7 16. Ne4 Nxe4 17. Bxe7 Rxe7 18. Qxe4 Ree8 19. Re3 e5 {½-½ (28)
Bokros,A (2455)-Petrik,T (2476) Slovakia 2019}) 14. Nc6 $1 $14 bxc6 15. Qxc4 Rb8 16. b3 (16. Bxc6 $2 Rb4 17. Bf4 e5 18. Bxe5 Qxe5 $19) (16. Qxc6 Qxc6
17. Bxc6 Rxb2 $15) 16... c5 17. a3 {[%emt 0:02:05] Prevents
Rb4.0x0.00144c1ffc4edp-1022s more active pieces.} (17. Bf4 $16 e5 18. Bg3)
17... Bb7 (17... Bd6 $14) 18. Bf4 $1 $36 {[%emt 0:05:52]
White has strong initiative.} e5 19. Bxb7 Rxb7 20. Bg5 Qa5 21. Bxf6 Bxf6 22. Rd6 (
22. Nd5 $18) 22... Rb6 23. Rxb6 Qxb6 24. Na4 Qb5 25. Qxc5 Qe2 {[%emt 0:00:07] Prevents Re1.} (25... Qxc5 $142 26. Nxc5
Rc8) 26. Nb6 Rd8 {[%emt 0:00:43] Threatens to win with ...Rd1.
} 27. Nd5 Bg5 28. c4 {[%emt 0:00:51]
Inhibits Qb5.} h5 29. Qa5 (29. b4 $18) 29...
h4 (29... Qd3 $16) 30. Qc3 $1 $18 e4 31. Qe5 f6 (31... Bf6 {
keeps fighting.} 32. Qc7 (32. Nxf6+ gxf6 33. Qa1 h3 $11) 32... Qb2) 32. Qe6+ Kh7 33. Nc3 Qb2 34. Qxe4+ Kh8 35. Nd5 Qxb3 36. f4 $2 (36. Qe7 $1 $18 Rb8 37. Qd6) 36... Bh6 $1 $11 37. Ne7 Qxa3 38. Ng6+ Kg8 $1 39. Ne7+ Kf7 $2 (39... Kh8 $11) 40. Re1 $1 $18 {
[%emt 0:00:32] Intending Qe6+ and mate.} Qd6 {[%emt 0:02:19] Against Qe6+} 41.
Nf5 $2 (41. Kh1 $1 $18 {[%cal Yc4c5] is the precise move to
win. c5! would kill now.} Kf8 42. c5 (42. Qh7 $2 Qxe7 43. Qb1 Qc7 $19)) 41...
Qd3 $16 42. Nxh6+ (42. Nxh4 $6 Qxe4 43. Rxe4
g6 $11) 42... gxh6 {[%emt 0:00:10] Endgame KQR-KQR} 43. Qe6+ (
43. Qc6 $6 Kg6 $11) 43... Kg7 {[%emt 0:00:38] [#]} 44. Qg4+ ({
Don't play} 44. Qxa6 $6 Qd4+ 45. Kh1 Re8 $14) 44... Kh8 (44...
Kf8 $16 {was called for.}) 45. Qxh4 $18 Qg6 46. f5 Qg5 47. Qxg5 hxg5 {
[%emt 0:00:07] KR-KR} 48. Re6 Ra8 $2 (48...
Kg7 $16 49. Rxa6 Rd4) 49. Rxf6 a5 50. Rb6 a4 51. Rb2 {[%emt 0:00:00] Ra2 is the strong
threat.} Kg7 (51... a3 $142 52. Ra2 Kg7) 52. Kf2 Kf6 53. g4 a3 $2 (53...
Rh8 54. Kf3 Rc8) 54. Ra2 Ke5 55. Ke3 $2 (55. Kg3 $18 {is more deadly.} Kd4 56. h4 gxh4+ 57. Kxh4) 55...
Rh8 $16 {[%emt 0:02:40] ( -> ...Rh3+)} 56. Kd3 (56. Re2 $16)
56... Rh3+ $11 57. Kc2 {[%emt 0:00:00] Strongly threatening
Kb1.} Kd4 $2 (57... Rxh2+ $11 58. Kb3 Rh3+ 59. Kb4 Rg3) 58.
Kb1 $18 Kxc4 {[%emt 0:01:57] [#]} 59. Rg2 $2 (59. Rf2 $1 $18 {And now f6 would win.} Rh7 60. f6) 59... Rf3 {[%emt 0:00:46]
The position is equal.} 60. Ka2 Kb4 61. Re2 (61. h3 $5) 61... Rf4 62. Rd2 Ka4 63. h3 Kb4 64. Re2 Ka4 65. Rd2 Kb4 66. Rh2 Ka4 67. Rc2 Kb4 68. Re2 Ka4 69. f6 Kb4 70. f7 Rxf7 71.
Re4+ Kc3 72. Re3+ Kb4 73. Rb3+ Kc4 74. Rxa3 Rf2+ 75. Kb1 Rh2 76. Kc1 Kd4 77. Kd1 Ke4 78. Ke1 Kf4 79. Kf1 Rb2 80. Rc3 Ra2 81. Kg1 Rb2 82. Kf1 Rh2 83. Ke1 Ke4 {[%emt 0:00:28] Weighted Error
Value: White=0.43/Black=0.30} 1/2-1/2

[Event "44th Chess Olympiad Women 2022"]
[Site "Chennai"]
[Date "2022.08.03"]
[Round "6.13"]
[White "Phan, Nguyen Mai Chi"]
[Black "Sahithi Varshini M"]
[Result "0-1"]
[WhiteElo "2139"]
[BlackElo "2312"]
[Annotator "TA"]
[PlyCount "136"]
[EventDate "2022.??.??"]
[TimeControl "60"]

1. d4 Nf6 2. Nf3 e6 3. c4 Bb4+ 4. Nbd2 b6 5. g3 Bb7 6. Bg2 O-O 7. O-O d5 8. Ne5 Nbd7 {[%emt 0:16:52] 8...
a5 is more fashionable.} 9. cxd5 exd5 10. a3
{[%emt 0:07:30] E16: Queen's Indian: 4 g3 Bb7 5 Bg2 Bb4+.} Bxd2 11. Bxd2 Re8 {[%emt 0:00:59] [#]} 12. Nxd7 $146 {[%emt 0:00:
00] The position is equal.} ({Predecessor:} 12. Nd3 Qe7 13. Rc1 c5 14. dxc5
bxc5 15. Bc3 Ne4 16. e3 Rad8 17. Ba5 Rb8 18. Nf4 {½-½ (45) Duchardt,A-Ryder,
A (2220) ICCF email 2013}) 12... Qxd7 13. Re1 Rac8 14. b4 Ne4 15. Be3 Nd6 16. Rc1 c6 17. Bf4 Nc4 18.
Rc3 b5 19. h4 a5 20. Kh2 Ra8 21. Bf3 (21. bxa5 $11 Rxa5 22. e4) 21... f5 22. Rg1 Qe7 23. Qb1 Bc8 24. Rb3 Be6 25. Bg5 Qf8 26. Qd3 axb4 27. axb4 Ra4 28. Qc3 Rea8 29. Bf4 Ra2 30. Rd1 Qe8 31. Re1 R8a4 32. Qd3 Qa8 33. Reb1 Ra1 34. Bg2 Rxb1 35. Rxb1 Qf8 36. Qc3 Bf7 37. Bf3 Qe8 38. Qd3 Bh5 39. Bxh5 Qxh5 40. f3 Ra2 41. Kg2 Qe8 (41... Qf7 $15) 42. Kf2 (42. Qxf5 $11 Rxe2+ 43. Kh3) 42... g6 (42...
h6 $15) 43. Qd1 Qa8 {[%emt 0:00:00] Black is much more active.
} 44. Qd3 Qa7 45. Kg2 Kf7 46. h5 Ra1 ({Black should
play} 46... Kf6 $15) 47. hxg6+ hxg6 48. Rxa1 Qxa1 $11 {[%emt 0:00:00] Endgame KQB-KQN} 49. e4 Qb2+ 50. Kh3 dxe4 51.
fxe4 Qa3 52. Qxa3 (52. Qb1 {
is more complex.} Qf3 53. exf5 Qh5+ 54. Kg2) 52... Nxa3 53.
exf5 (53. d5 $11 cxd5 54. exd5) 53... gxf5 {[%emt 0:00:00]
KB-KN} 54. Bd6 $1 Nc2 {[%emt 0:00:00] [#] ...Ke6 is the
strong threat.} 55. Bc5 Ke6 56. Kh4 Ne3 (56... Kf6 $1 $15) 57. Kg5 Nd5 58. Bf8 $1 Nc3 {[%emt 0:00:18] Hoping for ...
Ne2.} 59. Bc5 $2 {[%emt 0:01:08] [#]} (59. Bg7 $11) 59... Ne2 $1 $19 60. Kh4 Kd5 61. Kg5 Nxg3 {[%emt 0:00:12] Black mates.} 62. Kf4 Ne2+ 63. Kxf5 Nxd4+ 64. Kf6 Nc2 65. Ke7 Kc4 66. Kd6 Nxb4 67. Bg1 Nd3 68. Kxc6 b4 {[%emt 0:00:02] Weighted Error Value:
White=0.25 (precise) /Black=0.09 (flawless)} 0-1

[Event "44th Chess Olympiad Women 2022"]
[Site "Chennai"]
[Date "2022.08.03"]
[Round "6.13"]
[White "Ryjanova, Julia"]
[Black "Karavade, Eesha"]
[Result "1/2-1/2"]
[WhiteElo "2284"]
[BlackElo "2339"]
[Annotator "TA"]
[PlyCount "60"]
[EventDate "2022.??.??"]
[TimeControl "60"]

1. d4 Nf6 2. c4 e6 3. Nf3 d5 4. g3 dxc4 5. Bg2 c5 6. O-O Nc6 7. dxc5 Qxd1 8. Rxd1 Bxc5 9.
Nbd2 c3 10. bxc3 O-O 11. Nb3 Be7 12. Nfd4 Bd7 13. Nxc6 {[%emt 0:06:18] E04: Open
Catalan: 5 Nf3.} Bxc6 14. Bxc6 bxc6 15. c4 a5 16. Be3 a4
{[%emt 0:01:49] The position is equal.} 17. Nd4 Rfc8 18. f3 {[%emt 0:05:23] [#]} g6 $146 ({Predecessor:} 
18... Bc5 19. Kf2 Bxd4 20. Bxd4 c5 21. Be3 Rab8 22. Rac1 h6 23. Rd3 e5 24. Ra3
e4 25. Rxa4 exf3 26. Kxf3 {1-0 (42) Wojtaszek,R (2726)-Stern,R (2504) Warsaw
2010}) 19. Rab1 e5 20. Nc2 Rcb8 21. Kf1 Kf8 22. Bd2 Rxb1 23. Rxb1 Nd7 {[%emt 0:00:04] Prevents Rb6.} 24. Rb7 Ke8 25. Bc3 Bd6 26. Ke1 Nc5 27. Rb6 Rb8 28.
Rxb8+ ({But not} 28. Rxc6 Kd7 29. Rxd6+ Kxd6 $17) 28... Bxb8 29. Nb4 Kd7 30. Kd2 f5 {[%emt 0:00:08] An uneventful encounter. Weighted Error Value:
White=0.05 (flawless) /Black=0.03 (flawless)} 1/2-1/2

[Event "44th Chess Olympiad Women 2022"]
[Site "Chennai"]
[Date "2022.08.03"]
[Round "6.13"]
[White "Vishwa Vasnawala"]
[Black "Nguyen, Thu Giang"]
[Result "1-0"]
[WhiteElo "2305"]
[BlackElo "2119"]
[Annotator "TA"]
[PlyCount "193"]
[EventDate "2022.??.??"]
[TimeControl "60"]

1. d4 Nf6 2. c4 e6 3. g3 d5 4. Nf3 dxc4 5. Qa4+ Bd7 6.
Qxc4 Bc6 7. Bg2 Be7 8. O-O O-O 9. Bf4 {[%emt 0:
00:00] [#] E02: Open Catalan: 5 Qa4+.} b5 $146 ({Predecessor:
} 9... Nbd7 10. Rd1 Bd6 11. Bg5 h6 12. Bxf6 Nxf6 13. Nc3 Qe7 14. Nd2 Bxg2 15.
Kxg2 c6 16. Nde4 Nxe4 17. Nxe4 {1-0 (57) Izoria,Z (2646)-Bagheri,A (2520)
Bastia 2005}) 10. Qc1 (10. Qd3 $14) 10... a5 $11 11. Rd1 {[%emt 0:03:09][%cal Ya2a4] White is slightly better.} Qc8 12. Nbd2 Qb7 13. Bg5 Nbd7 14. Qc2 h6 15. Bxf6 Nxf6 16. Rdc1 (16. Rac1 $5 Bd5 17. Qxc7 $14) 16... Ra6 17. Nb3 Nd7 $2 {[%emt 0:02:31] [#]
} (17... Qa8 $1 $11) 18. Ng5 $1 $36 {[%emt 0:10:36] White is on the roll.} hxg5 (18... Bxg5 19. Bxc6) 19. Bxc6 Qc8 20. Bxb5 Ra7 21. Qc6 ({White should try} 21. Qd2 $18) 21... Nf6 22. Nc5 Rd8 23. e3 Nd5 24.
Be2 Rd6 25. Qa4 Rb6 26. Qc2 c6 27. a3 Bxc5 28. dxc5 (28. Qxc5 $142 {
Strongly threatening e4.} Qb8 29. Rab1) 28... Rb8 $16 29. b3 Qd8 30. Rab1 Qf6 31. e4 Nc7 32. Rd1 {[%emt 0:01:31]
aiming for Rd6.} Ne8 {[%emt 0:01:40] Prevents Rd6.} 33. Qc4 Qe5 34. Qd4 (34. Bf3 $16) 34... Qc7 $2 (34... Qxd4 $14 35. Rxd4 Nf6) 35. f3 (35. e5
$18 {is the precise move to win.}) 35... e5 36. Qe3 Qe7 37. Bc4 g6 38.
Kg2 Kg7 39. Rd3 Rc7 40. Rd2 Nf6 (40... Rd8 {
keeps fighting.} 41. Rbd1 Rxd2+ 42. Rxd2 (42. Qxd2 Qxc5 43. Qxg5 Nd6 $16) 42...
Rc8) 41. Rd6 $18 (41. Qxg5 $6 Qxc5 42. Rc2 Rd7 $16) 41... g4 (41... Rd7 {was necessary.} 42. Rbd1 (42. Rxc6 Rd4 $16) (42.
Qxg5 Rxd6 43. cxd6 Qxd6 $16) 42... Rbd8) 42. Rf1 Rh8 43. Qe2 Ne8 44. Rfd1 Qg5 45. R6d3 {[%emt 0:02:14] Active counter
play!} Nf6 46. Rf1 Re7 (
46... Rf8 $16 {is a better defense.} 47. fxg4 Qxg4 48. Qxg4 Nxg4) 47. Kg1 Rh3 48. Qg2 Re8 (48... Qh5 $142 49. Qd2 Qh6) 49. Qd2 Qh5 (49... Qxd2 50. Rxd2 Re7) 50. fxg4 Qxg4 51.
Qf2 (51. Rdf3 $142) 51... Qg5 52. Rd6 Nxe4 53. Qxf7+ Kh6 54. Rxg6+ (54. Qxe8 Qe3+ 55.
Kh1 (55. Kg2 Rxg3+ 56. hxg3 Qxg3+ 57. Kh1 Qh3+ 58. Kg1 Qg3+ 59. Kh1 Qh3+ 60.
Kg1 Qg3+ 61. Kh1 $11) 55... Rxh2+ 56. Kxh2 Qxg3+ 57. Kh1 Qh4+ 58. Kg2 Qg3+ 59.
Kh1 Qh4+ 60. Kg2 Qg3+ 61. Kh1 $11) 54... Qxg6 55. Qxg6+ {
[%emt 0:00:06] Remove Defender} Kxg6 56. Bf7+ Kg7 57. Bxe8 Nxc5 {[%emt 0:00:20] Endgame
KRB-KRN} 58. Rf3 (58. Bxc6 $6 Nxb3 59. Bd5 Nd4 60. Rf7+ Kg6
$18) 58... Ne6 59. Bd7 ({Much less strong is
} 59. Bxc6 Nd4 $18) 59... Nd4 60. Re3 (60.
Bxh3 $18 Nxf3+ 61. Kf2) 60... Rh8 $16 61. Bg4 Kf6 62. Kg2 Rb8 63. Bd1 $1 Kf5 64. h4 e4 {[%emt 0:00:16]
Prevents Bf3.} 65. Rc3 Rb5 (65... Rf8 $16 66.
a4 Kf6) 66. Kf2 $18 Ke5 67. a4 Rd5 68. Bg4 ({Better is} 68. h5 $1 $18)
68... c5 (68... Rd8 $16 69. h5 Rf8+ 70. Kg2 (70. Ke3 Kd5 $14)
70... Kf6) 69. Bc8 Kd6 70. Ke3 Re5 71. g4 Re7 72. h5 Kd5 $2 (72... Rc7) 73. Ba6 Rg7 74. Kf4 Ne6+ 75. Kg3 $1 Ra7 $2 (75... Ke5 76. Bc8 Nd4 77. Rxc5+ Kd6)
76. Bc8 (76. Bc4+ $142 Kd4 77. Rc1) 76... Nd4 {[%emt 0:00:19]
Threatens to win with ... Ne2+.} 77. Re3 {[%emt 0:00:29] Against Ne2+} Nc2 $2 (77... Rc7) 78. Re2 Nd4 79.
Re3 $2 (79. Re1) 79... Nc2 $1 {[%emt 0:00:05] [#]} 80. Rc3 $2 (80. Rxe4 $1 Kxe4 81. Bf5+ Ke5 82. Bxc2) 80... Nd4 {[%emt 0:
00:09] Hoping for ...Ne2+.} 81. Kf2 {[%emt 0:00:52] Inhibits Ne2.} Rf7+ 82. Ke1 (82. Kg2 $18) 82... Nf3+ $14 83. Ke2 Nd4+ 84. Ke1 (84. Kd1 $11) 84... Nf3+ $1 $16 {[%emt 0:00:04] [#]} 85. Kd1 (
85. Kf1 $1 $16) 85... Kd4 $11 86. Rc4+ Kd5 87. Rc2 (87. Bf5 $5 Nd4 88. Rc3
$16) 87... Nd4 {[%emt 0:00:12][%csl Yb3,Yc2] Against Bf5. ...Rf1+ is the
strong threat.} 88. Rc3 {[%emt 0:00:29] And now Rh3 would win.} Rf1+ 89. Kd2 Rf2+ 90. Ke1 Re2+ {[%emt 0:00:44] [#]} (90... Rh2 $11) 91. Kd1 $1 $16 e3 $2 ({Black should play} 91... Rg2 $14) 92. Rd3 $18 {[%emt 0:00:
06][%cal Yd3d4] Intending Rxd4+! and mate.} Ke4 $2 {[%emt 0:00:56] [#]} (92...
Rh2 $18 93. Rxe3 Kd6) 93. Rxd4+ $1 {[%emt 0:00:48] White mates.} cxd4 94. Kxe2 d3+ 95. Ke1 e2 96. Bf5+ (96. h6 $2 {gets mated.} Ke3 97.
h7 d2#) 96... Ke3 {[%emt 0:00:04] [#]} 97. Bxd3 $1 {[%emt 0:00:03] Weighted
Error Value: White=0.35/Black=0.33} 1-0

[Event "44th Chess Olympiad Women 2022"]
[Site "Chennai"]
[Date "2022.08.03"]
[Round "6.14"]
[White "Alboredo, Julia"]
[Black "Repkova, Eva"]
[Result "1/2-1/2"]
[WhiteElo "2264"]
[BlackElo "2303"]
[Annotator "TA"]
[PlyCount "85"]
[EventDate "2022.??.??"]
[TimeControl "60"]

1. e4 e5 2. Nf3 Nc6 3. Bc4 Nf6 4. d3 Bc5 5. c3 a6 6. a4 {[%emt 0:00:55] C54: Giuoco
Piano: 4 c3 Nf6, main lines with 5 d4 and 5 d3.} Ba7 7. Bg5 h6 8. Bh4 d6 9. Nbd2 Qe7 (9... g5 $5 10.
Bg3 O-O $11) 10. b4 Be6 {[%emt 0:04:26] [#]} 11. Bxe6 $146 ({Predecessor:} 11. O-O O-O 12. Bxe6 Qxe6 13. Qb3 Nh5 14. b5
Nb8 15. d4 Nd7 16. Bg3 Qxb3 17. Nxb3 {0-1 (58) Fedorov,A (2529)-Nozdrachev,V 
(2495) Cheliabinsk 2022}) 11... Qxe6 12. O-O g5 13. Bg3 Nh5 14. Nb3 Qg6 15. d4 f6 16. b5 Ne7 17. Qd3 ({Much weaker is} 17. dxe5 Nxg3 18. hxg3 fxe5 $11) 17... Nf4 (17... O-O $14) 18. Bxf4 $16 gxf4 19.
Kh1 O-O 20. g3 (20. bxa6 $16
bxa6 21. Nbd2 (21. Qxa6 Qf7 $11)) 20... Qg4 (20... f5 $1 $11)
21. Rg1 {[%emt 0:04:28] [#] aiming for gxf4.} Kh8 22. Nh4 (22. bxa6 $16 bxa6 23. Nbd2) 22... Rg8 (22...
axb5 $11 {remains equal.} 23. axb5 Bb6) 23. Qf3 ({Better is} 
23. bxa6 $16 {Nf5 is the strong threat.} bxa6 24. Nd2) 23... Qxf3+ $11 {
[%emt 0:15:47] The position is equal.} 24. Nxf3 fxg3 25. hxg3 axb5 26. axb5 f5 27. exf5 Nxf5 28. g4 Ne7 29. dxe5 Bxf2 30. Rxa8 Rxa8 31. Rg2 Bb6 32. exd6 cxd6 33. Re2 Nd5 34. Re6 Rf8 35. Nbd4 Bxd4 36. Nxd4 Nxc3 37. Rxh6+ {[%emt 0:00:16] Endgame KRN-KRN
} Kg8 38. Rxd6 Rf4 39. g5 Rh4+ 40. Kg2 Rg4+ 41. Kf3 Rxg5 42. Rd8+ Kh7 43. Rd7+ {[%emt 0:00:00] Weighted Error Value: White=0.
17 (very precise) /Black=0.15 (very precise)} 1/2-1/2

[Event "44th Chess Olympiad Women 2022"]
[Site "Chennai"]
[Date "2022.08.03"]
[Round "6.14"]
[White "Hagarova, Zuzana"]
[Black "Librelato, Kathie Goulart"]
[Result "1-0"]
[WhiteElo "2293"]
[BlackElo "2255"]
[Annotator "NA RC"]
[PlyCount "31"]
[EventDate "2022.??.??"]
[TimeControl "60"]

1. e4 e5 2. Nf3 Nc6 3. d4 exd4 4. c3 d5 5. exd5 Qxd5 6. cxd4 Bg4 7. Be2 Bb4+ 8. Nc3 O-O-O 9. O-O Qd7 10. Qa4 Bxc3 11. bxc3 Nf6 12. Rb1 Rhe8 13. Ba6 Na5 14. Qxa5 Bxf3 15. gxf3 Qe6 16. Rxb7 1-0

[Event "44th Chess Olympiad Women 2022"]
[Site "Chennai"]
[Date "2022.08.03"]
[Round "6.14"]
[White "Mrvova, Alena"]
[Black "Bail, Ellen Larissa"]
[Result "1-0"]
[WhiteElo "2165"]
[BlackElo "1892"]
[Annotator "NA RC"]
[PlyCount "61"]
[EventDate "2022.??.??"]
[TimeControl "60"]

1. e4 e6 2. d4 d5 3. Nd2 c5 4. exd5 Qxd5 5. Ngf3 cxd4 6. Bc4 Qd6 7. O-O Nf6 8. Nb3 Nc6 9. Nbxd4 Nxd4 10. Nxd4 a6 11. c3 Qc7 12. Bb3 Bd7 13. Re1 O-O-O 14. Qf3 Bd6 15. h3 h6 16. Be3 Be8 17. Rac1 Nd7 18. c4 Ne5 19. Qe2 Nc6 20. Nb5 axb5 21. cxb5 Bb4 22. Red1 Rxd1+ 23. Qxd1 Qd8 24. Qe2 Kb8 25. bxc6 Bxc6 26. Bf4+ Ka7 27. Qe5 Rg8 28. a3 Ba5 29. Rd1 Bd5 30. Bxd5 g5 31. Be3+ 1-0